 Dungeon Crawl Stone Soup version 0.24.0-13-gcf9b319 (webtiles) character file.

Game seed: 2615891723409728053, levelgen mode: deterministic

386 Boetheseconed the Skirmisher (level 6, -13/53 HPs)
             Began as a Gnoll Wanderer on Nov 26, 2019.
             Mangled by Duvessa
             ... wielding a +0 rapier
              (18 damage)
             ... on level 3 of the Dungeon.
             The game lasted 00:17:21 (2573 turns).

Boetheseconed the Skirmisher (Gnoll Wanderer)       Turns: 2573, Time: 00:17:22

Health: -13/53     AC:  6    Str: 15    XL:     6   Next: 78%
Magic:  9/9        EV: 16    Int: 13    God:
Gold:   232        SH:  8    Dex: 22    Spells: 9/9 levels left

rFire    . . .     SeeInvis .   y - +0 short sword
rCold    . . .     Gourm    .   v - +2 buckler
rNeg     . . .     Faith    .   o - +0 scale mail
rPois    .         Spirit   .   (no helmet)
rElec    .         Reflect  .   (no cloak)
rCorr    .         Harm     .   (no gloves)
MR       .....                  (no boots)
Stlth    ++........             (no amulet)
HPRegen  0.17/turn              (no ring)
MPRegen  0.11/turn              (no ring)

@: agile, lethally poisoned (-13 -> -13)
A: distributed training, fangs 1, strong nose
a: no special abilities


You were on level 3 of the Dungeon.
You were not hungry.

You visited 1 branch of the dungeon, and saw 4 of its levels.

You collected 232 gold pieces.

Inventory:

Hand Weapons
 a - a +2 hand crossbow
 y - a +0 short sword (weapon)
 z - a +2 mace of holy wrath
 B - a +3 shortbow
Missiles
 e - 2 boomerangs (quivered)
 u - 28 sling bullets
 x - 17 stones
Armour
 c - a +0 ring mail
 n - a +0 leather armour
 o - a +0 scale mail (worn)
 v - a +2 buckler (worn)
Scrolls
 d - a scroll of teleportation
 g - a scroll of random uselessness {unknown}
 j - a scroll of amnesia
 k - a scroll of enchant armour {unknown}
 l - a scroll of magic mapping {unknown}
 p - a scroll of blinking {unknown}
 t - a scroll of remove curse {unknown}
 C - a scroll of fog {unknown}
Potions
 h - 2 potions of heal wounds
 i - 4 potions of curing
 m - a potion of degeneration
 w - a potion of mutation {unknown}
 A - 2 potions of agility
Comestibles
 f - 4 rations


   Skills:
 + Level 6.9 Fighting
 + Level 2.1 Short Blades
 + Level 3.3 Long Blades
 + Level 2.1 Axes
 + Level 2.1 Maces & Flails
 + Level 2.1 Polearms
 + Level 2.1 Staves
 + Level 2.1 Slings
 + Level 2.1 Bows
 + Level 5.0 Crossbows
 + Level 3.3 Throwing
 + Level 3.3 Armour
 + Level 3.3 Dodging
 + Level 2.1 Stealth
 + Level 3.3 Shields
 + Level 2.1 Unarmed Combat
 + Level 2.1 Spellcasting
 + Level 1.6 Conjurations
 + Level 1.6 Hexes
 + Level 1.6 Charms
 + Level 1.6 Summonings
 + Level 1.6 Necromancy
 + Level 1.6 Translocations
 + Level 1.6 Transmutations
 + Level 1.6 Fire Magic
 + Level 1.6 Ice Magic
 + Level 1.6 Air Magic
 + Level 1.6 Earth Magic
 + Level 1.6 Poison Magic
 + Level 2.3 Invocations
 + Level 2.1 Evocations


You had 9 spell levels left.
You didn't know any spells.
Your spell library was empty.

Dungeon Overview and Level Annotations

Branches:
Dungeon (4/15)
 Temple: D:4-7

Altars:
Nemelex Xobeh

Shops:
D:4 *((

Annotations:
D:3 Duvessa


Innate Abilities, Weirdness & Mutations

Your experience applies equally to all skills.
You have very sharp teeth.
Your uncanny sense of smell can sniff out nearby items.


Message History

You feel sick. Duvessa barely misses you.
You barely miss Duvessa. You bite Duvessa, but do no damage.
Duvessa is heavily wounded.
Duvessa hits you with a +0 rapier.
You barely miss Duvessa. You bite Duvessa, but do no damage.
Duvessa is heavily wounded.
Duvessa hits you with a +0 rapier!
* * * LOW HITPOINT WARNING * * *
You block Duvessa's attack.
As you read the scroll of fear, it crumbles to dust.
You assume a fearsome visage.
You feel sick. You block Duvessa's attack. You block Duvessa's attack.
You climb upwards.
There is a stone staircase leading down here.
You feel sick. You block Duvessa's attack. You block Duvessa's attack.
You feel sick.
Duvessa rages.
Duvessa hits you with a +0 rapier!!
You die...

#################
................#
................######
.....................#
.....................#
.....................####
#####.....#.............# ..#
#.....#.....@.......# ..#
#.....#.....e.......#
..###.....#.............#
........................#
...####''####...........#
...##≈..≈≈.≈#....>......#
...#..⌠≈#..##...........#
.###.#≈...≈#####..##'##########
.# ##.....#.#.....##..........#


You could see Duvessa (berserk).

Vanquished Creatures
  A phantom (D:4)
  The ghost of babuloseo the Magician, an amateur HuWz (D:3)
  Dowan (D:4)
  2 centaur skeletons
  A worker ant (D:4)
  4 adders
  3 worms
  A dart slug (D:3)
  2 leopard geckos
  5 orcs (D:3)
  4 bats
  A giant cockroach (D:1)
  3 goblins
  2 hobgoblins (D:3)
  5 kobolds
  2 quokkas (D:3)
  A ball python (D:2)
  5 frilled lizards
  3 rats
47 creatures vanquished.

Notes
Turn   | Place    | Note
-------+----------+-------------------------------------------
     0 | D:1      | Boetheseconed the Gnoll Wanderer began the quest for the
                  | Orb.
     0 | D:1      | Boetheseconed set off with the following items: a +2 hand
                  | crossbow, 23 bolts, a +0 ring mail, a scroll of
                  | teleportation, a ration
     0 | D:1      | Reached XP level 1. HP: 23/23 MP: 1/1
   251 | D:1      | Reached XP level 2. HP: 29/29 MP: 2/2
   779 | D:2      | Found a sparkling altar of Nemelex Xobeh.
  1172 | D:3      | Reached XP level 3. HP: 35/35 MP: 3/3
  1226 | D:3      | Reached skill level 1 in Invocations
  1401 | D:3      | Reached skill level 1 in Short Blades
  1401 | D:3      | Reached skill level 1 in Axes
  1401 | D:3      | Reached skill level 1 in Maces & Flails
  1401 | D:3      | Reached skill level 1 in Polearms
  1401 | D:3      | Reached skill level 1 in Staves
  1401 | D:3      | Reached skill level 1 in Slings
  1401 | D:3      | Reached skill level 1 in Bows
  1401 | D:3      | Reached skill level 1 in Stealth
  1401 | D:3      | Reached skill level 1 in Unarmed Combat
  1401 | D:3      | Reached skill level 1 in Spellcasting
  1401 | D:3      | Reached skill level 1 in Evocations
  1401 | D:3      | Reached XP level 4. HP: 41/41 MP: 5/5
  1599 | D:3      | Reached skill level 1 in Conjurations
  1599 | D:3      | Reached skill level 1 in Hexes
  1599 | D:3      | Reached skill level 1 in Charms
  1599 | D:3      | Reached skill level 1 in Summonings
  1599 | D:3      | Reached skill level 1 in Necromancy
  1599 | D:3      | Reached skill level 1 in Translocations
  1599 | D:3      | Reached skill level 1 in Transmutations
  1599 | D:3      | Reached skill level 1 in Fire Magic
  1599 | D:3      | Reached skill level 1 in Ice Magic
  1599 | D:3      | Reached skill level 1 in Air Magic
  1599 | D:3      | Reached skill level 1 in Earth Magic
  1599 | D:3      | Reached skill level 1 in Poison Magic
  1743 | D:3      | Found a large runed translucent door.
  1743 | D:3      | Found a large runed translucent door.
  1749 | D:3      | Noticed babuloseo's ghost (amateur HuWz)
  1839 | D:3      | Killed babuloseo's ghost
  1839 | D:3      | Reached XP level 5. HP: 31/47 MP: 5/7
  1870 | D:4      | Found Gicamp's Antique Weapon Shop.
  1870 | D:4      | Noticed Duvessa
  1870 | D:4      | Noticed Dowan
  2053 | D:4      | Noticed a phantom
  2073 | D:4      | Killed a phantom
  2073 | D:4      | Reached skill level 5 in Crossbows
  2073 | D:4      | Reached XP level 6. HP: 44/53 MP: 8/8
  2192 | D:4      | Found Jipen's Mayhem Merchandise.
  2294 | D:4      | Found Usecolusmi's Weapon Boutique.
  2558 | D:4      | Killed Dowan
  2573 | D:3      | Mangled by Duvessa

Levels and vault maps discovered:
D:1:      wander_arrival_estate, layout_rooms, eino_curves_02
D:2:      layout_loops_ring, nemelex_xobeh_ov_fountains_minmay, first_ration,
          serial_bayou_pond_c
D:3:      layout_basic, ebering_ghost_disaster_area
D:4:      layout_basic, serial_shops, shop_coins, shop, hex_tiny,
          minmay_shop_mayhem, lemuel_blue_sif_altar, uniq_duvessa

Skill      XL: |  1  2  3  4  5  6 |
---------------+-------------------+-----
Invocations    | 1 2 |  2.3
Short Blades   | 1 2 |  2.1
Axes           | 1 2 |  2.1
Maces & Flails | 1 2 |  2.1
Polearms       | 1 2 |  2.1
Staves         | 1 2 |  2.1
Slings         | 1 2 |  2.1
Bows           | 1 2 |  2.1
Stealth        | 1 2 |  2.1
Unarmed Combat | 1 2 |  2.1
Spellcasting   | 1 2 |  2.1
Evocations     | 1 2 |  2.1
Conjurations   | 1 |  1.6
Hexes          | 1 |  1.6
Charms         | 1 |  1.6
Summonings     | 1 |  1.6
Necromancy     | 1 |  1.6
Translocations | 1 |  1.6
Transmutations | 1 |  1.6
Fire Magic     | 1 |  1.6
Ice Magic      | 1 |  1.6
Air Magic      | 1 |  1.6
Earth Magic    | 1 |  1.6
Poison Magic   | 1 |  1.6
Long Blades    | 3 |  3.3
Throwing       | 3 |  3.3
Armour         | 3 |  3.3
Dodging        | 3 |  3.3
Shields        | 3 |  3.3
Crossbows      | 5 |  5.0
Fighting       | |  6.9

Action                   |  1- 3 |  4- 6 || total
-------------------------+-------+-------++-------
Melee: Mace              |       |    11 ||    11
       Short sword       |       |     3 ||     3
       Bite              |       |     3 ||     3
 Fire: Hand crossbow     |    56 |    92 ||   148
Throw: Boomerang         |       |     2 ||     2
  Use: Scroll            |       |     9 ||     9
       Potion            |       |     2 ||     2
  Eat: Chunk             |     1 |     4 ||     5
Armor: Ring mail         |     1 |       ||     1
       Scale mail        |     2 |    19 ||    21
Dodge: Dodged            |     6 |    22 ||    28
Block: Buckler           |     3 |    29 ||    32
